 Dungeon Crawl Stone Soup version 0.28.0-53-g5a82cb258f (webtiles) character file.

Game seed: 14252611561657535246

73 Sin92 the Skirmisher (level 4, -1/35 HPs)
             Began as a Demonspawn Fighter on July 5, 2022.
             Slain by a worm (2 damage)
             ... in a sewer.
             The game lasted 00:02:46 (2234 turns).

Sin92 the Skirmisher (Demonspawn Fighter)           Turns: 2234, Time: 00:02:46

Health: -1/35      AC:  6    Str: 19    XL:     4   Next: 8%
Magic:  4/4        EV:  9    Int:  9    God:
Gold:   56         SH:  8    Dex: 12    Spells: 3/3 levels left

rFire   . . .      SeeInvis .   a - +0 war axe
rCold   . . .      Faith    .   c - +0 buckler
rNeg    . . .      Spirit   .   b - +0 scale mail
rPois   .          Reflect  .   e - +0 hat
rElec   .          Harm     .   (no cloak)
rCorr   .          Rampage  .   (no gloves)
Will    .....                   (no boots)
Stlth   ..........              (no amulet)
HPRegen 0.11/turn               (no ring)
MPRegen 0.09/turn               (no ring)

@: very slow
A: condensation shield
a: no special abilities


You were in a sewer.
You visited 1 branch of the dungeon, and saw 3 of its levels.
You also visited: Sewer.

You collected 56 gold pieces.

Inventory:

Hand Weapons
 a - a +0 war axe (weapon)
Armour
 b - a +0 scale mail (worn)
 c - a +0 buckler (worn)
 e - a +0 hat (worn)
Potions
 d - a potion of might
 i - 2 potions of magic {unknown}
 l - a potion of brilliance
 m - a potion of mutation {unknown}


   Skills:
 + Level 3.4 Fighting
 * Level 2.8 Axes
 + Level 3.1 Armour
 + Level 3.1 Shields


You had 3 spell levels left.
You didn't know any spells.
Your spell library contained the following spells:

 Spells                   Type           Power      Damage    Failure   Level
 Frozen Ramparts          Ice            0%         1d2       99%         3
 Ice Form                 Ice/Tmut       0%         N/A       100%        4
 Summon Ice Beast         Ice/Summ       0%         N/A       100%        4


Dungeon Overview and Level Annotations

Branches:
Dungeon (3/15)              Sewer (1/1)

Altars:


Innate Abilities, Weirdness & Mutations

A meltable shield of frost defends you. (SH +4)


Message History

The adder bites you but does no damage.
Your unstable footing causes you to fumble your attack.
You feel sick. The adder barely misses you.
You feel sick. The adder bites you.
You feel less invigorated.
You feel less confused.
You feel sick. The adder bites you but does no damage. The adder bites you.
You are more poisoned.
The adder poisons you! The adder misses you.
Your unstable footing causes you to fumble your attack.
You feel sick. The adder bites you but does no damage.
You slash the adder!
The adder is almost dead.
You feel sick. The adder bites you. x2
You slash the adder!
You kill the adder!
You feel sick.
You have reached level 4!
You feel stronger.
You slash the worm!
The worm is severely wounded.
You feel sick.
You are no longer poisoned.
You hit the worm.
The worm is severely wounded.
You block the worm's attack.
Your unstable footing causes you to fumble your attack.
The worm bites you!
* * * LOW HITPOINT WARNING * * *
You barely miss the worm.
The worm is severely wounded.
The worm barely misses you.
Unknown command.
You slash the worm!
The worm is almost dead.
The worm bites you.
* * * LOW HITPOINT WARNING * * *
Your unstable footing causes you to fumble your attack.
The worm bites you.
You die...

#≈≈.≈..≈≈≈. #≈≈.≈≈≈..∩.
#≈.≈≈≈≈≈... #≈≈....≈.∩.
####### ##≈≈..≈...≈.
#.≈≈≈≈##### ##.≈≈.≈.≈..≈≈
#####≈≈≈≈≈####≈≈≈.##≈.....
#.≈≈†≈###≈≈....≈≈####.≈.≈≈
####### #@≈≈≈≈≈≈≈# #..≈≈≈
#.≈≈≈≈###w≈.≈...## ≈≈≈≈≈.
#.≈≈≈≈####### .≈..≈≈.
#.≈≈≈≈##### ≈≈.≈#### #####


You could see a worm.

Vanquished Creatures
  An adder (Sewer)
  2 worms
  A dart slug (D:2)
  3 ball pythons (D:2)
  5 endoplasms
  6 giant cockroaches
  5 goblins
  2 hobgoblins
  5 jackals (D:2)
  3 quokkas (D:3)
  5 bats
  2 frilled lizards
  6 kobolds
  2 rats (D:2)
48 creatures vanquished.

Notes
Turn   | Place    | Note
-------+----------+-------------------------------------------
     0 | D:1      | Sin92 the Demonspawn Fighter began the quest for the Orb.
     0 | D:1      | Reached XP level 1. HP: 18/18 MP: 1/1
   426 | D:1      | Gained mutation: A meltable shield of frost defends you.
                  | (SH +4) [demonic ancestry]
   426 | D:1      | Reached XP level 2. HP: 23/24 MP: 2/2
   935 | D:2      | Reached XP level 3. HP: 29/29 MP: 3/3
  1908 | D:3      | Found a glowing drain.
  1931 | Sewer    | Entered a sewer
  2229 | Sewer    | Reached XP level 4. HP: 10/35 MP: 4/4
  2231 | Sewer    | HP: 1/35 [worm (8)]
  2234 | Sewer    | Slain by a worm

Illustrated notes

Levels and vault maps discovered:
D:1:      matt_arrival_refuge, layout_rooms
D:2:      layout_basic
D:3:      layout_basic, gup_sewer_entry_pipe
Sewer:    sewer_co_tree

Skill      XL: |  1  2  3 |
---------------+----------+-----
Axes           | 2 |  2.8
Armour         | 3 |  3.1
Shields        | 3 |  3.1
Fighting       | |  3.4

Action                   |  1- 3 |  4- 6 || total
-------------------------+-------+-------++-------
Melee: War axe           |   168 |     6 ||   174
  Use: Scroll            |     4 |       ||     4
       Potion            |     1 |       ||     1
Armor: Scale mail        |    86 |       ||    86
Dodge: Dodged            |    72 |     1 ||    73
Block: Buckler           |    76 |     1 ||    77
